 Dungeon Crawl Stone Soup version 0.29.0-4-gdea44cf6ec (webtiles) character file.

Game seed: 16210241906388794112

96 qw the Chopper (level 4, 0/26 HPs)
             Began as a Tengu Warper on Aug 28, 2022.
             Slain by Natasha (6 damage)
             ... on level 2 of the Dungeon.
             The game lasted 00:00:14 (2484 turns).

qw the Chopper (Tengu Warper)                       Turns: 2484, Time: 00:00:14

Health: 0/26       AC: 10    Str: 13    XL:     4   Next: 67%
Magic:  8/8        EV:  3    Int: 13    God:
Gold:   107        SH:  0    Dex: 14    Spells: 7/7 levels left

rFire   . . .      SeeInvis .   Y - +1 hand axe
rCold   . . .      Faith    .   (no shield)
rNeg    . . .      Spirit   .   n - +0 plate armour
rPois   +          Reflect  .   (helmet restricted)
rElec   .          Harm     .   (no cloak)
rCorr   .          Rampage  .   (no gloves)
Will    .....                   (boots unavailable)
Stlth   ..........              (no amulet)
HPRegen 0.08/turn               f - ring of poison resistance
MPRegen 0.11/turn               (no ring)

@: no status effects
A: beak, talons 3
a: no special abilities


You were on level 2 of the Dungeon.
You visited 1 branch of the dungeon, and saw 2 of its levels.

You collected 107 gold pieces.


Innate Abilities, Weirdness & Mutations

You have a beak for a mouth.
You have claws for feet.


   Skills:
 - Level 2.0 Fighting
 - Level 5.1 Axes
 - Level 1.0 Throwing
 + Level 1.4 Armour
 - Level 2.1 Dodging
 - Level 2.0 Spellcasting
 - Level 2.4 Translocations


You had 7 spell levels left.
You didn't know any spells.
Your spell library contained the following spells:

 Spells                   Type           Power      Damage    Failure   Level
 Blink                    Tloc           14%        N/A       100%        2
 Gell's Gravitas          Tloc           7%         N/A       100%        3
 Lesser Beckoning         Tloc           7%         N/A       100%        3
 Teleport Other           Tloc           7%         N/A       100%        3
 Manifold Assault         Tloc           7%         N/A       100%        5

Inventory:

Hand Weapons
 d - a +0 club
 Y - a +1 hand axe (weapon)
Armour
 n - a +0 plate armour (worn)
Jewellery
 f - a ring of poison resistance (left hand)
 i - a ring of fire
Potions
 a - a potion of mutation {unknown}
 b - a potion of brilliance {unknown}
 c - a potion of curing {unknown}
 g - a potion of heal wounds {unknown}
 j - a potion of magic {unknown}
 k - a potion of might {unknown}
 l - a potion of lignification {unknown}

Dungeon Overview and Level Annotations

Branches:
Dungeon (2/15)

Altars:

Annotations:
D:2 Natasha


Message History

You hit the worm but do no damage. You claw the worm, but do no damage.
You peck the worm.
The worm is moderately wounded.
The worm bites you but does no damage.
You hit the worm. Your kick misses the worm.
The worm is moderately wounded.
The worm bites you.
You hit the worm. You peck the worm.
The worm is severely wounded.
You hit the worm. You peck the worm.
The worm is almost dead.
The worm bites you but does no damage.
You hit the worm. You peck the worm.
You kill the worm!
You hit the kobold.
You kill the kobold!
Natasha hisses angrily.
Things that are here:
a +1 short sword of draining; a worm corpse Natasha casts a spell at you.
The magic dart hits you but does no damage.
You closely miss Natasha. Your kick misses Natasha. Your peck misses Natasha.
Natasha claws you.
You hit Natasha. You claw Natasha, but do no damage.
Natasha is moderately wounded.
Natasha claws you!
You barely miss Natasha.
Natasha is moderately wounded.
Natasha casts a spell at you.
The magic dart hits you but does no damage.
You closely miss Natasha. Your kick misses Natasha. You peck Natasha.
Natasha is heavily wounded.
Natasha claws you but does no damage.
You closely miss Natasha. Your kick misses Natasha.
Natasha is heavily wounded.
Natasha claws you.
You barely miss Natasha. You claw Natasha.
Natasha is severely wounded.
Natasha barely misses you. Natasha claws you.
You die...

#.#####.......#..#...#
#.g.............#....#
#######.).....##.#...#
##........##...# ###
##............# ..
####.....#..### . ##.##
##.......%..
...##..h########.##.####
.......@............#
...#.....#######.####
#.###)#######.# #
#.........# #.#########
...# #####


You could see Natasha.

Vanquished Creatures
  Natasha (D:2)
  An adder (D:2)
  A worm (D:2)
  2 dart slugs (D:2)
  3 endoplasms (D:1)
  2 giant cockroaches (D:2)
  5 hobgoblins
  8 jackals (D:1)
  5 kobolds
  7 quokkas (D:1)
  6 ball pythons
  A bat (D:1)
  4 frilled lizards
  2 goblins (D:1)
  4 rats
52 creatures vanquished.

Vanquished Creatures (others)
  2 plants (D:1)
2 creatures vanquished.

Grand Total: 54 creatures vanquished

Notes
Turn   | Place    | Note
-------+----------+-------------------------------------------
     0 | D:1      | qw the Tengu Warper began the quest for the Orb.
     0 | D:1      | Reached XP level 1. HP: 12/12 MP: 4/4
     0 | D:1      | 0 ||| qw: Version: 0.1-a-89-g26bdef1
     0 | D:1      | 0 ||| qw: Game counter: 3349
     0 | D:1      | 0 ||| qw: Always use a shield: true
     0 | D:1      | 0 ||| qw: God list: Okawaru
     0 | D:1      | 0 ||| qw: Allow faded altars: false
     0 | D:1      | 0 ||| qw: Do Orc after D:15 true
     0 | D:1      | 0 ||| qw: Do second Lair branch before Depths: true
     0 | D:1      | 0 ||| qw: Lair rune preference: random
     0 | D:1      | 0 ||| qw: Plans: Normal
     0 | D:1      | 0 ||| PLANNING D:1-11
   152 | D:1      | Reached skill level 3 in Axes
   152 | D:1      | Reached XP level 2. HP: 11/17 MP: 6/6
   334 | D:1      | 334 ||| Stepping ~*~*~tactically~*~*~ (stealth).
   335 | D:1      | 335 ||| Stepping ~*~*~tactically~*~*~ (stealth).
   344 | D:1      | 344 ||| Stepping ~*~*~tactically~*~*~ (stealth).
   345 | D:1      | 345 ||| Stepping ~*~*~tactically~*~*~ (stealth).
   627 | D:1      | Reached XP level 3. HP: 14/21 MP: 7/7
   902 | D:1      | 902 ||| Stepping ~*~*~tactically~*~*~ (stealth).
   903 | D:1      | 903 ||| Stepping ~*~*~tactically~*~*~ (stealth).
   904 | D:1      | 904 ||| Stepping ~*~*~tactically~*~*~ (stealth).
   917 | D:1      | Reached skill level 4 in Axes
  1286 | D:1      | 1286 ||| DROPPING amulet of magic regeneration.
  1287 | D:1      | 1287 ||| UPGRADING to ring of poison resistance.
  1288 | D:1      | 1288 ||| READING scroll labelled VEKHEI DECWEYV.
  1289 | D:1      | 1289 ||| READING scroll labelled QYUWYO CADOI.
  1290 | D:1      | 1290 ||| READING scroll labelled KEBU QYTEK AXE.
  1291 | D:1      | 1291 ||| DROPPING scroll of blinking.
  1316 | D:2      | Noticed Natasha
  1321 | D:2      | Killed Natasha
  1322 | D:2      | Reached XP level 4. HP: 16/26 MP: 8/8
  1322 | D:2      | 1322 ||| STAIRDANCE
  1654 | D:2      | 1654 ||| Stepping ~*~*~tactically~*~*~ (hiding).
  1756 | D:2      | 1756 ||| Stepping ~*~*~tactically~*~*~ (hiding).
  1796 | D:2      | 1796 ||| Stepping ~*~*~tactically~*~*~ (stealth).
  1797 | D:2      | 1797 ||| Stepping ~*~*~tactically~*~*~ (hiding).
  1826 | D:2      | Reached skill level 5 in Axes
  1978 | D:2      | 1978 ||| Stepping ~*~*~tactically~*~*~ (hiding).
  2012 | D:2      | 2012 ||| Stepping ~*~*~tactically~*~*~ (stealth).
  2052 | D:2      | HP: 6/26 [poisoned by a kobold]
  2109 | D:2      | 2109 ||| FLEEEEING.
  2110 | D:2      | 2110 ||| FLEEEEING.
  2111 | D:2      | 2111 ||| FLEEEEING.
  2112 | D:2      | 2112 ||| FLEEEEING.
  2113 | D:2      | 2113 ||| FLEEEEING.
  2114 | D:2      | 2114 ||| FLEEEEING.
  2115 | D:2      | 2115 ||| FLEEEEING.
  2116 | D:2      | 2116 ||| FLEEEEING.
  2117 | D:2      | 2117 ||| FLEEEEING.
  2118 | D:2      | 2118 ||| FLEEEEING.
  2119 | D:2      | 2119 ||| FLEEEEING.
  2122 | D:2      | 2122 ||| FLEEEEING.
  2123 | D:2      | 2123 ||| FLEEEEING.
  2127 | D:2      | 2127 ||| FLEEEEING.
  2128 | D:2      | 2128 ||| FLEEEEING.
  2129 | D:2      | 2129 ||| FLEEEEING.
  2130 | D:2      | 2130 ||| FLEEEEING.
  2134 | D:2      | 2134 ||| FLEEEEING.
  2135 | D:2      | 2135 ||| FLEEEEING.
  2138 | D:2      | 2138 ||| STAIRDANCE
  2351 | D:1      | 2351 ||| UPGRADING to +0 ring mail.
  2361 | D:1      | 2361 ||| DROPPING +0 leather armour.
  2362 | D:1      | 2362 ||| UPGRADING to +0 plate armour.
  2372 | D:1      | 2372 ||| DROPPING +0 ring mail.
  2373 | D:1      | 2373 ||| READING scroll labelled WIONTIARRIDE.
  2374 | D:1      | 2374 ||| READING scroll labelled TUASAT PUBA.
  2375 | D:1      | 2375 ||| READING scroll labelled ECRUTE AMURHIH.
  2465 | D:2      | Noticed Natasha
  2466 | D:2      | 2466 ||| Stepping ~*~*~tactically~*~*~ (stealth).
  2483 | D:2      | HP: 6/26 [Natasha (6)]
  2484 | D:2      | Slain by Natasha

Levels and vault maps discovered:
D:1:      eino_arrival_water_cross, layout_basic
D:2:      layout_loops_ring, hellmonk_ecumenical_altar_leap_of_faith,
          uniq_natasha

Skill      XL: |  1  2  3  4 |
---------------+-------------+-----
Axes           | 3 4 5 |  5.1
Fighting       | |  2.0
Throwing       | |  1.0
Armour         | |  1.4
Dodging        | |  2.1
Spellcasting   | |  2.0
Translocations | |  2.4

Action                   |  1- 3 |  4- 6 || total
-------------------------+-------+-------++-------
Melee: Hand axe          |    93 |    41 ||   134
       Kick              |    18 |    11 ||    29
       Peck              |     9 |    11 ||    20
       Punch             |       |     1 ||     1
Throw: Boomerang         |     9 |       ||     9
  Use: Scroll            |     3 |     3 ||     6
Armor: Leather armour    |    21 |     7 ||    28
       Plate armour      |       |     6 ||     6
Dodge: Dodged            |    50 |    15 ||    65

Table legend:
 A = Non-vault XP
 B = Vault XP
 C = Vault XP percentage of total XP
 D = Non-vault monster count
 E = Vault monster count
 F = Vault count percentage of total count
                 A         B        C        D         E       F
            +---------+---------+-------+---------+---------+-------
      Total |     105 |      33 |  23.9 |      51 |       1 |   1.9
            +---------+---------+-------+---------+---------+-------
        D:1 |      62 |       0 |   0.0 |      36 |       0 |   0.0
        D:2 |      43 |      33 |  43.4 |      15 |       1 |   6.2
            +---------+---------+-------+---------+---------+-------
